 Dungeon Crawl Stone Soup version 0.23.2-33-g5129a83184 (webtiles) character file.

Game seed: 18096596029003697898

355 AarnesTheHuman the Digger (level 6, -5/47 HPs)
             Began as a Formicid Earth Elementalist on Aug 5, 2019.
             Was a Follower of Uskayaw.
             Killed by the severe capriciousness of Xom (26 damage)
             ... on level 4 of the Dungeon.
             The game lasted 00:13:23 (4645 turns).

AarnesTheHuman the Digger (FoEE)                    Turns: 4645, Time: 00:13:24

Health: -5/47      AC:  2    Str: 10    XL:     6   Next: 95%
Magic:  11/11      EV: 12    Int: 15    God:    Uskayaw [*.....]
Gold:   154        SH:  0    Dex: 11    Spells: 3/12 levels left

rFire    . . .     SeeInvis +   f - +4 quarterstaff
rCold    . . .     Gourm    .   (no shield)
rNeg     . . .     Faith    .   c - +0 robe
rPois    .         Spirit   .   (helmet unavailable)
rElec    .         Reflect  .   (no cloak)
rCorr    .         Harm     .   (no gloves)
MR       .....                  (no boots)
Stlth    ++........             (no amulet)
HPRegen  0.15/turn              (no ring)
MPRegen  0.12/turn              (no ring)

@: no status effects
A: permanent stasis, dig shafts and tunnels, four strong arms, antennae 3, fangs
1, weak 2
a: Dig, Shaft Self, Stomp, Renounce Religion


You were on level 4 of the Dungeon.
You worshipped Uskayaw.
Uskayaw was noncommittal.
You were not hungry.

You visited 1 branch of the dungeon, and saw 4 of its levels.

You collected 154 gold pieces.

Inventory:

Hand Weapons
 e - a +0 short sword
 f - a +4 quarterstaff (weapon)
 l - a +0 spear of flaming
Missiles
 b - 129 stones (quivered)
Armour
 c - a +0 robe (worn)
 g - a +0 pair of boots
 m - a +0 cloak
Scrolls
 a - a scroll of enchant weapon {unknown}
 k - a scroll of identify
Potions
 i - 3 potions of curing
 j - a potion of resistance {unknown}
 n - 3 potions of heal wounds {unknown}
 o - 2 potions of agility {unknown}
 q - a potion of brilliance {unknown}
 t - a potion of lignification {unknown}
Comestibles
 d - 8 rations
 h - 7 chunks of flesh


   Skills:
 + Level 3.2 Fighting
 + Level 3.3 Armour
 - Level 1.7 Dodging
 - Level 2.4 Stealth
 + Level 3.9 Spellcasting
   Level 1.1 Transmutations
 + Level 5.3 Earth Magic


You had 3 spell levels left.
You knew the following spells:

 Your Spells              Type           Power        Failure   Level  Hunger
a - Sandblast             Erth           ###...       1%          1    None
b - Stone Arrow           Conj/Erth      ##....       19%         3    ###....
c - Lee's Rapid Deconstr  Erth           ###.......   50%         5    ######.

Your spell library contained the following spells:

 Spells                   Type           Power        Failure   Level  Hunger
 Passwall                 Tmut/Erth      ##......     8%          2    ##.....
 Petrify                  Tmut/Erth      ##......     43%         4    ####...


Dungeon Overview and Level Annotations

Branches:
Dungeon (4/15)
 Temple: D:4-7

Altars:
Cheibriados
Elyvilon
Hepliaklqana
Ru
Uskayaw
Wu Jian
Xom


Innate Abilities, Weirdness & Mutations

You cannot be hasted, slowed, berserked, paralysed or teleported.
You can dig through walls and to a lower floor.
Your four strong arms can wield two-handed weapons with a shield.
You have a pair of large antennae on your head. (SInv)
You have very sharp teeth.
You are very weak. (Str -4)


Message History

You hit the bullfrog skeleton.
The bullfrog skeleton is lightly damaged.
The bullfrog skeleton closely misses you.
The bullfrog skeleton hits you.
You hit the bullfrog skeleton. You bite the bullfrog skeleton.
The bullfrog skeleton is moderately damaged.
The bullfrog skeleton hits you but does no damage.
The bullfrog skeleton misses you.
You sock the bullfrog skeleton! You bite the bullfrog skeleton.
The bullfrog skeleton is severely damaged.
The bullfrog skeleton barely misses you.
You completely miss the bullfrog skeleton.
The bullfrog skeleton is severely damaged.
The bullfrog skeleton closely misses you.
The bullfrog skeleton misses you. Xom's power touches on you.
You are caught in a strong localised spatial distortion.
Ouch! That really hurt!
You die...
Xom is highly amused!

........#
#S##...#####.# #.##..#
#.# #.##..# #.# #.##..#
####.# #.##..# #..... #
#.##..# #.##.#
####.#####.##..###.##.#
#.<..Z@....##..........
#.##...........###.##.#
############# #.##.#
#..... ####..


You could see a bullfrog skeleton.

Vanquished Creatures
  A phantom (D:4)
  2 hounds (D:4)
  2 orc wizards (D:4)
  An orc priest (D:4)
  2 adders
  An ooze (D:3)
  2 adder skeletons (D:4)
  2 worms
  5 dart slugs
  6 orcs
  2 giant cockroaches
  5 goblins
  7 hobgoblins
  10 jackals
  A ball python (D:3)
  4 bats
  3 frilled lizards
  5 kobolds
  15 rats
76 creatures vanquished.

Notes
Turn   | Place    | Note
-------+----------+-------------------------------------------
     0 | D:1      | AarnesTheHuman the Formicid Earth Elementalist began the
                  | quest for the Orb.
     0 | D:1      | Reached XP level 1. HP: 13/13 MP: 3/3
   140 | D:1      | Reached XP level 2. HP: 16/20 MP: 0/5
   923 | D:1      | Reached skill level 1 in Armour
  1008 | D:1      | Reached skill level 1 in Fighting
  1128 | D:1      | Reached XP level 3. HP: 26/26 MP: 4/6
  1393 | D:1      | Learned a level 3 spell: Stone Arrow
  1403 | D:2      | Reached skill level 4 in Earth Magic
  1571 | D:2      | Found a hazy altar of Hepliaklqana.
  1960 | D:2      | Found a shimmering altar of Xom.
  1966 | D:2      | Found a snail-covered altar of Cheibriados.
  1966 | D:2      | Found a sacrificial altar of Ru.
  2176 | D:2      | Found a hide-covered altar of Uskayaw.
  2203 | D:2      | Became a worshipper of Xom of Chaos
  2242 | D:2      | Found an ornate altar of the Wu Jian Council.
  2248 | D:2      | XOM: harmless Tmut miscast
  2262 | D:2      | Fell from the grace of Xom
  2262 | D:2      | Became a worshipper of Uskayaw the Reveler
  2491 | D:2      | Reached * piety under Uskayaw
  2784 | D:2      | Reached XP level 4. HP: 32/32 MP: 0/8
  3011 | D:3      | XOM: god gift: glowing quarterstaff {god gift}
  3062 | D:3      | XOM: torment (18/33 hp)
  3396 | D:3      | Found a white marble altar of Elyvilon.
  3497 | D:3      | XOM: chaos upgrade
  3584 | D:3      | Reached ** piety under Uskayaw
  3888 | D:4      | Reached XP level 5. HP: 38/38 MP: 2/9
  3900 | D:4      | Learned a level 5 spell: Lee's Rapid Deconstruction
  4026 | D:4      | Reached *** piety under Uskayaw
  4027 | D:4      | Reached XP level 6. HP: 26/46 MP: 5/11
  4273 | D:4      | XOM: give mutations
  4273 | D:4      | Gained mutation: You have very sharp teeth. [Xom's
                  | mischief]
  4273 | D:4      | Gained mutation: You are weak. (Str -2) [Xom's mischief]
  4273 | D:4      | Gained mutation: You are very weak. (Str -4) [Xom's
                  | mischief]
  4322 | D:4      | Noticed a phantom
  4348 | D:4      | Killed a phantom
  4348 | D:4      | Reached skill level 5 in Earth Magic
  4645 | D:4      | XOM: medium Tloc miscast
  4645 | D:4      | Killed by the severe capriciousness of Xom

Skill      XL: |  1  2  3  4  5  6 |
---------------+-------------------+-----
Armour         | 1 2 3 |  3.3
Fighting       | 1 2 3 |  3.2
Earth Magic    | 4 5 |  5.3
Spellcasting   | 3 |  3.9
Dodging        | |  1.7
Stealth        | |  2.4
Transmutations | |  1.1

Action                   |  1- 3 |  4- 6 || total
-------------------------+-------+-------++-------
Melee: Short sword       |    88 |     1 ||    89
       Quarterstaff      |       |    73 ||    73
       Spear             |       |     6 ||     6
       Bite              |       |     4 ||     4
 Cast: Sandblast         |    22 |    23 ||    45
       Stone Arrow       |     8 |     6 ||    14
  Use: Scroll            |       |     9 ||     9
 Stab: Sleeping          |     8 |     1 ||     9
       Paralysed         |       |     2 ||     2
  Eat: Chunk             |     4 |     7 ||    11
       Ration            |     1 |       ||     1
Armor: Robe              |    19 |    11 ||    30
Dodge: Dodged            |    60 |    53 ||   113
